 Dungeon Crawl Stone Soup version 0.20-a0-910-gb611367 (webtiles) character file.

717 getnixed the Covert (level 7, -5/103 HPs)
             Began as an Octopode Assassin on Mar 24, 2017.
             Slain by an ogre
             ... wielding a +0 giant club
              (9 damage)
             ... on level 5 of the Dungeon.
             The game lasted 00:09:02 (3631 turns).

getnixed the Covert (Octopode Assassin)             Turns: 3631, Time: 00:09:02

Health: -5/103     AC: 23    Str: 17    XL:     7   Next: 70%
Magic:  7/7        EV:  2    Int: 15    God:
Gold:   180        SH:  0    Dex: 18    Spells: 6/6 levels left

rFire    . . .     SeeInvis +   a - +3 dagger
rCold    . . .     Gourm    .   (no shield)
rNeg     + + +     Faith    .   (helmet currently unavailable)
rPois    +         Spirit   .   o - amulet of rage
rElec    .         Reflect  .   k - ring of stealth
rCorr    .         Harm     .   e - +4 ring of dexterity
MR       .....     NoTele   +   t - ring of poison resistance
Stlth    ..........             w - ring of see invisible
Regen    0.3/turn               h - +2 ring of intelligence
MPRegen  0.1/turn               (no ring)
                                (no ring)
                                (no ring)

@: berserking (expiring), tree-form, marked, very quick
A: almost no armour, stealthy swim, (amphibious), 8 rings, (constrict 8),
(camouflage 0), (gelatinous body 0)
a: Evoke Berserk Rage


You were on level 5 of the Dungeon.
You were very hungry.
You were a tree.
You visited 1 branch of the dungeon, and saw 5 of its levels.

You collected 180 gold pieces.

Inventory:

Hand Weapons
 a - a +3 dagger (weapon)
 b - a +0 blowgun
Missiles
 c - 19 poisoned needles (quivered)
 d - 2 curare-tipped needles
Jewellery
 e - a +4 ring of dexterity (right branch)
 h - a +2 ring of intelligence (on tentacle)
 k - a ring of stealth (left branch)
 o - an amulet of rage (around neck)
 t - a ring of poison resistance (on tentacle)
 w - a ring of see invisible (on tentacle)
Scrolls
 g - a scroll of blinking
 i - a scroll of random uselessness
 m - a scroll of amnesia
Potions
 f - a potion of curing
 s - a potion of brilliance {unknown}
 u - a potion of might
Comestibles
 n - 2 fruits
 p - a meat ration
 r - 2 royal jellies
 v - 2 bread rations


   Skills:
 + Level 3.4 Fighting
 * Level 4.7 Short Blades
 - Level 2.0 Throwing
 * Level 4.4 Dodging
 * Level 8.4 Stealth


You had 6 spell levels left.
You didn't know any spells.

Dungeon Overview and Level Annotations

Branches:
Dungeon (5/15)
 Temple: D:4-7

Altars:
Dithmenos


Innate Abilities, Weirdness & Mutations

You cannot wear most types of armour.
You are very stealthy in the water. (Stealth+)
((You are amphibious.))
You can wear up to eight rings at the same time.
((You can use your tentacles to constrict eight enemies at once.))
((Your skin changes colour to match your surroundings (Stealth+).))
((Your rubbery body absorbs attacks. (AC +1, EV +1)))


Message History

You puncture the goblin!
You kill the goblin!
You cannot move.
You are too berserk!
You closely miss the adder. The adder bites you but does no damage.
An orc wizard comes into view. It is wielding a dagger.
You puncture the adder!
You kill the adder!
You puncture the ogre!
The ogre is moderately wounded.
The ogre hits you but does no damage.
You barely miss the ogre.
The ogre is moderately wounded.
A shadow imp comes into view.
You puncture the ogre!
The ogre is severely wounded.
You barely miss the ogre.
The ogre is severely wounded.
The ogre hits you with a giant club!
You die...

##### ..# # + .#..
#..# # #. '..
#..###### #.S####..
####........
......#'###.PP..####.#
....⌠....))....##....#
#.......))...##.#...
#####..#'##..#......
#.[♣Oc.#..#..#..).##
#...#go#..#....<)###
#####..####.......##
....5.....#+....
#.##.###...#.##.. #.
.# #####.#..# ## .#
#.#[.# .# #.#...
#.#.#.


You could see an ogre, a centaur, a shadow imp, an orc and a hobgoblin.

Vanquished Creatures
  An orc warrior (D:5)
  A phantom (D:4)
  An ogre (D:4)
  A bullfrog (D:5)
  A howler monkey (D:5)
  A crimson imp (D:5)
  A hound (D:4)
  An orc priest (D:5)
  Natasha (thrice) (D:2)
  5 adders
  An adder zombie (D:3)
  2 worms (D:2)
  4 dart slugs
  A leopard gecko (D:5)
  15 orcs
  4 ball pythons
  4 giant cockroaches
  13 goblins
  7 hobgoblins
  8 jackals (D:2)
  A quokka (D:3)
  6 bats
  8 frilled lizards
  9 kobolds
  8 rats
107 creatures vanquished.

Notes
Turn   | Place    | Note
-------+----------+-------------------------------------------
     0 | D:1      | getnixed the Octopode Assassin began the quest for the Orb.
     0 | D:1      | Reached XP level 1. HP: 14/14 MP: 1/1
   362 | D:1      | Reached XP level 2. HP: 19/19 MP: 2/2
   800 | D:1      | Reached XP level 3. HP: 19/24 MP: 3/3
  1315 | D:2      | Reached skill level 6 in Stealth
  1475 | D:2      | Reached XP level 4. HP: 26/30 MP: 4/4
  1760 | D:2      | Noticed Natasha
  1767 | D:2      | Killed Natasha
  1793 | D:2      | Reached XP level 5. HP: 33/35 MP: 5/5
  1849 | D:2      | Noticed Natasha
  1858 | D:2      | Killed Natasha
  2037 | D:2      | Noticed Natasha
  2045 | D:2      | Killed Natasha
  2323 | D:3      | Reached skill level 7 in Stealth
  2667 | D:4      | Noticed a phantom
  2704 | D:4      | Killed a phantom
  2704 | D:4      | Reached XP level 6. HP: 15/41 MP: 6/6
  2989 | D:5      | Entered Level 5 of the Dungeon
  3071 | D:5      | Found a shadowy altar of Dithmenos.
  3081 | D:5      | Noticed an orc warrior
  3090 | D:5      | Reached XP level 7. HP: 44/46 MP: 7/7
  3361 | D:5      | Reached skill level 8 in Stealth
  3620 | D:5      | HP: 2/69 [bullfrog (4)]
  3631 | D:5      | Slain by an ogre

Vault maps used:
D:1:      roderic_chinese_lattice_arrival, minmay_octomino_j4
D:2:      uniq_natasha
D:3:      first_bread, hangedman_abyss_or_decor_lesser_grid
D:4:      marbit_many_paths, minmay_temple_entry_statues_pillars,
          hangedman_minor_gate_pass
D:5:      corexii_shack_village, grunt_ministairs_15,
          minmay_misc_feat_diagonals, nicolae_dithmenos_shadow_blocks

Skill      XL: |  1  2  3  4  5  6  7 |
---------------+----------------------+-----
Stealth        | 6 7 8 |  8.4
Dodging        | 2 3 4 |  4.4
Short Blades   | 3 4 |  4.7
Fighting       | 3 |  3.4
Throwing       | |  2.0

Action                   |  1- 3 |  4- 6 |  7- 9 || total
-------------------------+-------+-------+-------++-------
Melee: Dagger            |    77 |   110 |    41 ||   228
       Constrict         |    20 |    25 |    11 ||    56
       Tentacles         |    14 |    16 |    13 ||    43
  Use: Scroll            |     2 |     5 |     2 ||     9
       Potion            |       |       |     4 ||     4
 Stab: Sleeping          |    12 |    13 |       ||    25
       Distracted        |     2 |       |       ||     2
  Eat: Chunk             |     1 |       |     1 ||     2
       Fruit             |       |     1 |       ||     1
       Bread ration      |       |     1 |       ||     1
Armor: Skin              |     4 |     5 |     8 ||    17
Dodge: Dodged            |    49 |    57 |    39 ||   145
